Map: Lerilak Crest

Players

CharaSmoke

  • Race: Protoss Protoss
  • League: Diamond

LilDicky - Winner!

  • Race: Terran Terran
  • League: Diamond

VOD

http://www.twitch.tv/tumescentpie

Description

Time

  • Played on: Dec. 30, 2015, 11:56 p.m.
  • Length: 5:50
Show
View Real Time Build Order
Export as new Build Order

CharaSmoke Protoss 

Build Orders:  

Get SALT Encoding   

  12  0:01  Probe (Chrono Boost)  
  14  0:14  Probe (Chrono Boost)  
  14  0:20  Pylon  
  14  0:26  Probe (Chrono Boost)  
  15  0:39  Probe (Chrono Boost)  
  16  0:45  Gateway  
  16  0:49  Probe (Chrono Boost)  
  17  1:05  Probe (Chrono Boost)  
  17  1:08  Assimilator  
  18  1:12  Assimilator  
  18  1:15  Probe (Chrono Boost)  
  19  1:26  Probe (Chrono Boost)  
  20  1:36  Probe (Chrono Boost)  
  21  1:40  Cybernetics Core  
  22  1:47  Probe (Chrono Boost)  
  22  1:50  Pylon  
  22  1:57  Probe (Chrono Boost)  
  23  2:08  Probe (Chrono Boost)  
  23  2:15  Nexus  
  23  2:18  Adept  
  23  2:20  Warp Gate (Chrono Boost)  
  25  2:28  Mothership Core (Chrono Boost)  
  27  2:39  Pylon  
  27  2:58  Probe (Chrono Boost)  
  28  3:02  Pylon  
  28  3:04  Robotics Facility  
  28  3:08  Probe (Chrono Boost)  
  29  3:17  Gateway  
  29  3:19  Probe (Chrono Boost)  
  30  3:29  Probe (Chrono Boost)  
  30  3:30  Probe (Chrono Boost)  
  27  3:54  Observer (Chrono Boost)  
  28  3:57  Probe x2  
  22  4:25  Probe (Chrono Boost)  
  22  4:26  Probe (Chrono Boost)  
  24  4:32  Warp Prism  
  24  4:35  Probe (Chrono Boost)  
  28  4:38  Probe (Chrono Boost)  
  28  4:44  Gateway  
  28  4:46  Probe (Chrono Boost)  
  28  4:50  Probe (Chrono Boost)  
  28  4:53  Adept  
  30  5:00  Adept  
  32  5:13  Probe (Chrono Boost)  
  34  5:15  Probe (Chrono Boost)  
  34  5:21  Stalker  
  36  5:22  Stalker  
  32  5:45  Adept x2  
Show
View Real Time Build Order
Export as new Build Order

LilDicky Terran - Winner!

Build Orders: MMM Bio 

Get SALT Encoding   

  12  0:01  SCV  
  13  0:14  SCV  
  14  0:17  Supply Depot  
  14  0:26  SCV  
  15  0:39  SCV  
  16  0:46  Barracks  
  16  0:48  Refinery  
  16  0:51  SCV  
  17  1:03  SCV  
  18  1:15  SCV  
  19  1:27  SCV  
  20  1:35  Marine  
  20  1:37  Supply Depot  
  20  1:39  Orbital Command  
  21  1:55  Factory  
  21  1:56  Marine  
  22  2:04  Barracks  
  22  2:12  Barracks  
  22  2:23  Barracks Reactor, Refinery, SCV  
  23  2:36  SCV  
  24  2:48  SCV  
  24  2:59  Barracks Tech Lab  
  24  3:00  SCV  
  24  3:01  Barracks Tech Lab  
  24  3:02  Marine x2  
  27  3:06  Supply Depot, Widow Mine  
  27  3:12  SCV  
  30  3:24  SCV  
  31  3:28  Supply Depot  
  31  3:30  Combat Shields  
  31  3:31  Stimpack  
  31  3:32  Marine  
  31  3:33  Marine x3  
  35  3:39  Widow Mine  
  37  3:45  Starport  
  37  3:50  Marine x2  
  37  3:51  Marine  
  37  3:52  SCV  
  41  3:56  Marauder  
  43  4:04  SCV  
  44  4:20  Marine x3  
  47  4:42  Marauder, Medivac, Marine x3  
  47  4:43  Supply Depot  
  52  4:49  Concussive Shells  
  52  4:54  SCV  
  52  4:56  Hellion  
  55  5:04  Marine  
  55  5:05  Supply Depot, Marauder x2  
  60  5:08  Marine  
  59  5:15  Medivac  
  61  5:22  Marine  
  61  5:26  Marine x2  
Tags
 
Add a new tag
Caveats
  • Supply blocks, unpowered buildings, or Contaminate may cause inaccurate times.
  • Supply counts are checked every 10 seconds.